 Dungeon Crawl Stone Soup version 0.20.1-1-g8b1a95d (webtiles) character file.

1323 SirJodelstein the Charmwright (level 8, -9/58 HPs)
             Began as a Merfolk Skald on Sept 19, 2017.
             Was a Believer of the Shining One.
             Killed from afar by a gargoyle (19 damage)
             ... with a stone arrow
             ... on level 7 of the Dungeon.
             The game lasted 01:56:04 (7365 turns).

SirJodelstein the Charmwright (Merfolk Skald)       Turns: 7365, Time: 01:56:05

Health: -9/58      AC:  8    Str:  9 (12) XL:     8   Next: 59%
Magic:  0/11       EV: 11    Int: 11 (14) God:    the Shining One [**....]
Gold:   281        SH: 12    Dex: 11 (13) Spells: 1/11 levels left

rFire    . . .     SeeInvis .   a - +0 falchion
rCold    . . .     Gourm    .   i - +0 buckler
rNeg     + . .     Faith    .   h - +0 ring mail
rPois    .         Spirit   +   (no helmet)
rElec    +         Reflect  .   z - +2 cloak
rCorr    .         Harm     .   (no gloves)
MR       .....                  (no boots)
Stlth    ..........             A - amulet of guardian spirit
Regen    0.2/turn               (no ring)
MPRegen  0.2/turn               (no ring)

@: divine shield, glowing
A: change form in water, swift swim, stealthy swim, electricity resistance
a: Divine Shield, Renounce Religion


You were on level 7 of the Dungeon.
You worshipped the Shining One.
The Shining One was pleased with you.
You were not hungry.

You visited 1 branch of the dungeon, and saw 7 of its levels.

You collected 281 gold pieces.

Inventory:

Hand Weapons
 a - a +0 falchion (weapon)
 b - a +0 hunting sling
 f - a +2 hand axe of holy wrath
 q - a +3 dagger of electrocution
Missiles
 t - 5 tomahawks (quivered)
 u - 77 sling bullets
 C - 40 stones
Armour
 h - a +0 ring mail (worn)
 i - a +0 buckler (worn)
 z - a +2 cloak (worn)
Jewellery
 v - an uncursed amulet of regeneration
 y - an uncursed amulet of rage
 A - an amulet of guardian spirit (around neck)
Scrolls
 d - a scroll of noise {unknown}
 e - a scroll of silence {unknown}
 k - 3 scrolls of remove curse
 l - 2 scrolls of blinking {unknown}
 m - a scroll of teleportation
 r - a scroll of immolation {unknown}
 w - 2 scrolls of fog
 F - 3 scrolls of recharging {unknown}
 H - a scroll of enchant armour {unknown}
 K - 2 scrolls of vulnerability
 M - a scroll of enchant weapon {unknown}
Potions
 g - 4 potions of curing
 j - a potion of agility
 n - 2 potions of magic
 o - a potion of might
 s - 2 potions of invisibility {unknown}
 x - a potion of cancellation
 G - a potion of mutation
 J - a potion of ambrosia {unknown}
Books
 c - a book of Battle

   Spells                             Type                      Level
   a - Infusion                       Charms                       1
   b - Shroud of Golubria             Charms/Translocation         2
   c - Song of Slaying                Charms                       2
   d - Spectral Weapon                Hexes/Charms                 3
   e - Regeneration                   Charms/Necromancy            3
 B - a book of Minor Magic

   Spells                             Type                      Level
   a - Magic Dart                     Conjuration                  1
   b - Blink                          Translocation                2
   c - Call Imp                       Summoning                    2
   d - Slow                           Hexes                        2
   e - Conjure Flame                  Conjuration/Fire             3
   f - Mephitic Cloud                 Conjuration/Poison/Air       3
 N - a book of Maledictions

   Spells                             Type                      Level
   a - Corona                         Hexes                        1
   b - Ensorcelled Hibernation        Hexes/Ice                    2
   c - Confuse                        Hexes                        3
   d - Tukima's Dance                 Hexes                        3
   e - Dazzling Spray                 Conjuration/Hexes            3
Comestibles
 E - 2 bread rations
 I - a royal jelly


   Skills:
 - Level 3.2 Fighting
 + Level 4.7 Long Blades
 - Level 1.0(1.1) Slings
 - Level 0.8(1.1) Throwing
 - Level 1.3 Armour
 - Level 3.2 Dodging
 - Level 4.0 Shields
 - Level 2.0 Spellcasting
 * Level 2.4 Hexes
 * Level 6.7 Charms
 - Level 2.0 Translocations
 - Level 3.4 Invocations


You had one spell level left.
You knew the following spells:

 Your Spells              Type           Power        Failure   Level  Hunger
a - Infusion              Chrm           ###.         5%          1    ##.....
b - Shroud of Golubria    Chrm/Tloc      ##........   21%         2    ###....
c - Song of Slaying       Chrm           ###.....     8%          2    ###....
d - Blink                 Tloc           N/A          45%         2    ###....
e - Spectral Weapon       Hex/Chrm       ##......     36%         3    ####...


Dungeon Overview and Level Annotations

Branches:
Dungeon (7/15)
 Temple: D:4-7

Altars:
Ashenzari
Dithmenos
Elyvilon
Fedhas
Kikubaaqudgha
Okawaru
Qazlal
Trog
Uskayaw
Yredelemnul
Zin
The Shining One

Shops:
D:7 (

Annotations:
D:2 exclusion: 2 downstairs
D:3 exclusion: downstairs
D:4 exclusion: 2 downstairs
D:5 exclusion: downstairs, b13n1u's ghost, amateur GrGl
D:6 Ejeck's ghost, novice HOFi
D:7 exclusion: upstairs


Innate Abilities, Weirdness & Mutations

You revert to your normal form in water.
You are very nimble and swift while swimming.
You are very stealthy in the water. (Stealth+)
You are resistant to electric shocks. (rElec)


Message History

You hit the gargoyle.
The gargoyle is lightly damaged.
The gargoyle closely misses you.
You hit the gargoyle but do no damage.
The gargoyle is lightly damaged.
The gargoyle hurls a stone arrow at you.
The stone arrow misses you.
You hit the gargoyle but do no damage.
The gargoyle is lightly damaged.
The gargoyle hurls a stone arrow at you.
The stone arrow misses you.
You hit the gargoyle but do no damage.
The gargoyle is lightly damaged.
The gargoyle hurls a stone arrow at you.
The stone arrow misses you.
You hit the gargoyle but do no damage.
The gargoyle is lightly damaged.
The gargoyle hurls a stone arrow at you.
The stone arrow hits you!
You die...

.....#.######....##
####.#...# #.....#
.....#[#.####..#..# #
..<#........#..#..# #.#
####.#.#.##.#..#..## ..
####.#.#.##.#......##.##.#
.............(......$....#
##.#.#.#.##.#.........####
##.#.#.>..#.#..#@##.###
##.#.#.#..#.#..#9.#.#
...#.#.#..#.#(.#..#..
#..#.#$#..#.#..##..9..
#..#.#.#..#.#..# ..#.##
...#.#....#.#..# .....
#...# #..#


You could see a gargoyle.

Vanquished Creatures
  2 sky beasts
  A phantom (D:4)
  2 ogres (D:4)
  A wyvern zombie (D:7)
  2 scorpions (D:4)
  2 wights (D:7)
  A bullfrog zombie (D:7)
  3 hounds
  2 orc priests
  7 orc wizards
  A bullfrog skeleton (D:7)
  A worker ant zombie (D:5)
  8 adders
  2 oozes
  An adder zombie (D:7)
  An adder skeleton (D:4)
  3 worms
  2 dart slugs (D:2)
  4 leopard geckos
  28 orcs
  2 ball pythons
  5 bats
  A bat zombie (D:5)
  8 giant cockroaches
  6 hobgoblins
  10 jackals
  3 quokkas
  A ball python skeleton (D:4)
  3 frilled lizards
  9 goblins
  A jackal skeleton (D:4)
  6 kobolds
  4 rats
  4 rat zombies (D:5)
137 creatures vanquished.

Vanquished Creatures (others)
  A spectral weapon (D:7)
1 creature vanquished.

Grand Total: 138 creatures vanquished

Notes
Turn   | Place    | Note
-------+----------+-------------------------------------------
     0 | D:1      | SirJodelstein the Merfolk Skald began the quest for the Orb.
     0 | D:1      | Reached XP level 1. HP: 16/16 MP: 3/3
   201 | D:1      | Reached XP level 2. HP: 22/22 MP: 5/5
   697 | D:2      | Found a glowing silver altar of Zin.
   703 | D:2      | Found a shattered altar of Ashenzari.
   711 | D:2      | Reached skill level 1 in Shields
   711 | D:2      | Reached XP level 3. HP: 12/27 MP: 3/6
   933 | D:2      | Learned a level 2 spell: Shroud of Golubria
  1029 | D:2      | Found a glowing golden altar of the Shining One.
  1037 | D:2      | Became a worshipper of the Shining One
  1569 | D:2      | Found a stormy altar of Qazlal.
  1628 | D:2      | Reached skill level 4 in Charms
  1628 | D:2      | Reached XP level 4. HP: 33/33 MP: 7/7
  1644 | D:2      | Learned a level 2 spell: Song of Slaying
  1694 | D:2      | Found a white marble altar of Elyvilon.
  1694 | D:2      | Found a shadowy altar of Dithmenos.
  1795 | D:2      | Reached skill level 1 in Armour
  2099 | D:3      | Found a bloodstained altar of Trog.
  2321 | D:3      | Reached XP level 5. HP: 38/38 MP: 8/8
  2839 | D:3      | Reached * piety under the Shining One
  2965 | D:3      | Reached skill level 1 in Translocations
  2965 | D:3      | Reached XP level 6. HP: 40/44 MP: 2/9
  3432 | D:4      | Found a blossoming altar of Fedhas.
  3877 | D:4      | Noticed a phantom
  3919 | D:4      | Killed a phantom
  3919 | D:4      | Reached skill level 5 in Charms
  4135 | D:5      | Entered Level 5 of the Dungeon
  4165 | D:4      | Reached XP level 7. HP: 51/51 MP: 8/10
  4250 | D:4      | Found a glowing silver altar of Zin.
  4361 | D:5      | Noticed b13n1u's ghost (amateur GrGl)
  4626 | D:4      | Reached skill level 1 in Slings
  5103 | D:5      | Reached skill level 6 in Charms
  5139 | D:5      | Found an ancient bone altar of Kikubaaqudgha.
  5332 | D:5      | Reached ** piety under the Shining One
  5495 | D:5      | Found a hide-covered altar of Uskayaw.
  5496 | D:5      | Found an iron altar of Okawaru.
  5697 | D:6      | Noticed a two-headed ogre
  5815 | D:5      | Reached skill level 1 in Invocations
  5896 | D:6      | Reached XP level 8. HP: 56/58 MP: 11/11
  6265 | D:6      | Noticed Ejeck's ghost (novice HOFi)
  6323 | D:7      | Learned a level 2 spell: Blink
  6327 | D:7      | Learned a level 3 spell: Spectral Weapon
  6328 | D:7      | Gained mutation: You are resistant to electric shocks. (rElec) [mutagenic meat]
  6386 | D:7      | Found Miuppoyc's Weapon Shoppe.
  6623 | D:7      | Found a basalt altar of Yredelemnul.
  6647 | D:7      | Reached skill level 1 in Hexes
  6871 | D:6      | HP: 1/58 [Ejeck's ghost (4)]
  7344 | D:7      | Noticed a gargoyle
  7365 | D:7      | Killed from afar by a gargoyle

Skill      XL: |  1  2  3  4  5  6  7  8 |
---------------+-------------------------+-----
Dodging        | 3 |  3.2
Shields        | 1 2 3 4 |  4.0
Charms         | 4 5 6 |  6.7
Armour         | 1 |  1.3
Translocations | 1 2 |  2.0
Fighting       | 3 |  3.2
Slings         | 1 |  1.0
Long Blades    | 4 |  4.7
Invocations    | 1 3 |  3.4
Hexes          | 2 |  2.4
Throwing       | |  0.8
Spellcasting   | |  2.0

Action                   |  1- 3 |  4- 6 |  7- 9 || total
-------------------------+-------+-------+-------++-------
Melee: Falchion          |    76 |   172 |   210 ||   458
       Hand axe          |       |       |    40 ||    40
 Fire: Hunting sling     |    16 |    95 |    67 ||   178
Throw: Stone             |    21 |     1 |       ||    22
       Tomahawk          |       |     5 |    21 ||    26
 Cast: Infusion          |     5 |     9 |       ||    14
       Song of Slaying   |       |     1 |       ||     1
       Shroud of Golubri |       |     8 |    15 ||    23
       Spectral Weapon   |       |       |     4 ||     4
Invok: Divine Shield     |       |       |     1 ||     1
  Use: Scroll            |       |     9 |     7 ||    16
       Potion            |       |     1 |     5 ||     6
 Stab: Sleeping          |     1 |       |       ||     1
  Eat: Chunk             |     2 |     6 |     4 ||    12
       Fruit             |     1 |       |     5 ||     6
       Bread ration      |       |     1 |       ||     1
       Meat ration       |       |       |     1 ||     1
Armor: Leather armour    |    18 |    39 |       ||    57
       Ring mail         |       |     1 |    75 ||    76
Dodge: Dodged            |    48 |    95 |   115 ||   258
Block: Buckler           |     6 |    31 |    64 ||   101
       Rpst.: Falchion   |    17 |    21 |    28 ||    66
